 Dungeon Crawl Stone Soup version 0.25-a0-62-g88673ef095 (webtiles) character file.

Game seed: 12211289291944907648, levelgen mode: deterministic

1199 iamserjio the Skirmisher (level 8, 0/87 HPs)
             Began as an Octopode Wanderer on Oct 30, 2019.
             Was an Initiate of Makhleb.
             Killed from afar by an electric eel (10 damage)
             ... with a bolt of electricity
             ... on level 6 of the Dungeon.
             The game lasted 00:07:34 (6545 turns).

iamserjio the Skirmisher (Octopode Wanderer)        Turns: 6545, Time: 00:07:34

Health: 0/87       AC: 24    Str: 15    XL:     8   Next: 44%
Magic:  11/11      EV:  2    Int: 12    God:    Makhleb [......]
Gold:   269        SH:  0    Dex: 12    Spells: 11/11 levels left

rFire    . . .     SeeInvis .   y - +8 spear "Noadd" {freeze, rC+ MR+}
rCold    + . .     Gourm    +   (no shield)
rNeg     + + +     Faith    .   (helmet currently unavailable)
rPois    +         Spirit   .   x - amulet of the gourmand
rElec    .         Reflect  .   w - ring of wizardry
rCorr    .         Harm     .   (no ring)
MR       +....     NoTele   +   (no ring)
Stlth    ++........             (no ring)
HPRegen  0.24/turn              (no ring)
MPRegen  0.12/turn              (no ring)
                                (no ring)
                                (no ring)

@: tree-form
A: almost no armour, stealthy swim, (amphibious), 8 rings, (constrict 8)
a: Renounce Religion


You were on level 6 of the Dungeon.
You worshipped Makhleb.
Makhleb was noncommittal.
You were completely stuffed.
You were a tree.
You visited 2 branches of the dungeon, and saw 7 of its levels.

You collected 269 gold pieces.

Inventory:

Hand Weapons
 a - a +2 dagger
 c - a +0 falchion
 m - a -1 spear
 r - a +1 dagger of holy wrath
 y - the +8 spear "Noadd" (weapon) {freeze, rC+ MR+}
   (You found it on level 3 of the Dungeon)

   It has been specially enchanted to freeze those struck by it, causing extra
   injury to most foes and up to half again as much damage against particularly
   susceptible opponents.
   It can also slow down cold-blooded creatures.
   It protects you from cold.
   It affects your resistance to hostile enchantments.
 B - a +2 flail of draining
 C - a +2 rapier of venom
Missiles
 e - 25 poisoned darts (quivered)
 h - 7 javelins
 D - a throwing net {!f}
Jewellery
 w - a ring of wizardry (left branch)
 x - an amulet of the gourmand (around neck)
Wands
 u - a wand of flame (13)
Scrolls
 d - 5 scrolls of teleportation {@r3}
 g - a scroll of fog
 i - a scroll of enchant weapon {unknown}
 k - a scroll of blinking {unknown}
 l - a scroll of noise {unknown}
 o - a scroll of magic mapping {unknown}
 q - a scroll of random uselessness {unknown}
 s - a scroll of immolation {unknown}
Potions
 j - a potion of berserk rage
 p - 2 potions of heal wounds {unknown}
 t - a potion of cancellation {unknown}
 v - a potion of curing {@q1}
 z - 2 potions of degeneration {unknown}
Comestibles
 f - 9 rations


   Skills:
 * Level 6.8 Fighting
 - Level 2.0 Long Blades
 + Level 1.0 Polearms
 - Level 1.0 Throwing
 * Level 6.6 Dodging
 - Level 1.3 Stealth
 - Level 2.0 Spellcasting
   Level 1.0 Charms
   Level 2.0 Ice Magic
 + Level 1.1 Invocations


You had 11 spell levels left.
You didn't know any spells.
Your spell library contained the following spells:

 Spells                   Type           Power        Failure   Level  Hunger
 Beastly Appendage        Tmut           #.....       11%         1    ##.....
 Sticks to Snakes         Tmut           #.......     16%         2    ###....
 Spider Form              Tmut/Pois      #.........   32%         3    ####...
 Ice Form                 Ice/Tmut       #.......     54%         4    #####..
 Blade Hands              Tmut           #.........   95%         5    ######.


Dungeon Overview and Level Annotations

Branches:
Dungeon (6/15)             Temple (1/1) D:4

Altars:
Ashenzari
Cheibriados
Dithmenos
Elyvilon
Fedhas
Gozag
Hepliaklqana
Kikubaaqudgha
Makhleb
Nemelex Xobeh
Okawaru
Qazlal
Ru
Sif Muna
Trog
Uskayaw
Vehumet
Wu Jian
Xom
Zin
The Shining One

Shops:
D:6 (


Innate Abilities, Weirdness & Mutations

You cannot wear most types of armour.
You are very stealthy in the water. (Stealth+)
((You are amphibious.))
You can wear up to eight rings at the same time.
((You can use your tentacles to constrict eight enemies at once.))
((Your skin changes colour to match your surroundings (Stealth+).))
((Your rubbery body absorbs attacks. (AC +1, EV +1)))


Message History

* * * LOW HITPOINT WARNING * * *
Okay, then.
Really quaff the potion of lignification?
You turn into a tree.
Your roots penetrate the ground.
The electric eel shoots out a bolt of lightning at you!
The bolt of electricity hits the plant!
The bolt of electricity hits the electric eel.
The electric eel completely resists.
The bolt of electricity hits you!
* * * LOW HITPOINT WARNING * * *
The electric eel shoots out a bolt of lightning at you!
The bolt of electricity hits you but does no damage.
Aiming: Throw Flame
Aim: an electric eel (heavily wounded, slow, poisoned)
The puff of flame hits the electric eel!
The electric eel shoots out a bolt of lightning at you!
The bolt of electricity hits the plant.
The bolt of electricity hits the electric eel.
The electric eel completely resists.
The bolt of electricity hits the gnoll!
The bolt of electricity hits you!
You die...

#......#
#......#
##".....#
#.......#
##.#.....#
..∩......#
#.#....<#
.#.......#
........♣#
♣♣♣♣♣♣..g+
♣≈P≈≈;≈PPPg..
♣≈≈≈≈≈≈≈agP≈...
♣≈≈≈≈≈≈P≈≈≈....
≈≈≈≈≈≈≈≈≈≈P≈...
≈≈≈≈≈≈≈≈≈≈≈....
≈≈≈≈≈≈;≈≈≈.....
≈≈≈≈≈≈P≈≈≈.....


You could see a worker ant, 2 electric eels and 2 gnolls.

Vanquished Creatures
  Eustachio (D:5)
  Edmund (D:4)
  2 sky beasts (D:5)
  2 ogres (D:4)
  A centaur (D:5)
  2 crimson imps (D:5)
  A hound (D:4)
  2 centaur zombies
  2 orc priests (D:3)
  An orc wizard (D:3)
  2 worker ants (D:4)
  4 gnolls
  7 adders
  An ooze (D:1)
  A worm (D:3)
  5 dart slugs
  4 leopard geckos
  11 orcs
  A giant cockroach (D:1)
  11 goblins
  3 hobgoblins
  6 jackals
  2 quokkas
  2 ball pythons
  13 bats
  5 frilled lizards
  12 kobolds
  A leopard gecko skeleton (D:5)
  A quokka skeleton (D:4)
  4 rats
111 creatures vanquished.

Vanquished Creatures (others)
  A bat (D:1)
1 creature vanquished.

Grand Total: 112 creatures vanquished

Notes
Turn   | Place    | Note
-------+----------+-------------------------------------------
     0 | D:1      | iamserjio the Octopode Wanderer began the quest for the
                  | Orb.
     0 | D:1      | iamserjio set off with the following items: a +2 dagger, 3
                  | curare-tipped darts, a +0 falchion, a scroll of
                  | teleportation {@r3}, a ration
     0 | D:1      | Reached XP level 1. HP: 13/13 MP: 3/3
   138 | D:1      | Reached skill level 1 in Dodging
   138 | D:1      | Reached XP level 2. HP: 18/18 MP: 5/5
   603 | D:1      | Reached XP level 3. HP: 24/24 MP: 6/6
  1387 | D:2      | Reached XP level 4. HP: 20/30 MP: 7/7
  2318 | D:3      | Found a blossoming altar of Fedhas.
  2531 | D:3      | Reached XP level 5. HP: 24/36 MP: 8/8
  3590 | D:3      | Reached XP level 6. HP: 20/43 MP: 9/9
  3613 | D:3      | HP: 2/43 [poisoned by an adder]
  3980 | D:3      | Got a pitted spear
  4001 | D:3      | Identified the +8 spear "Noadd" {freeze, rC+ MR+} (You
                  | found it on level 3 of the Dungeon)
  4225 | D:4      | Found a staircase to the Ecumenical Temple.
  4239 | D:4      | Reached XP level 7. HP: 49/49 MP: 10/10
  4246 | Temple   | Entered the Ecumenical Temple
  4371 | Temple   | Became a worshipper of Makhleb the Destroyer
  4427 | D:4      | Reached skill level 5 in Fighting
  4718 | D:4      | Reached skill level 5 in Dodging
  4935 | D:4      | Noticed Edmund
  4946 | D:4      | Killed Edmund
  5074 | D:4      | Found a shadowy altar of Dithmenos.
  5074 | D:4      | Found a hide-covered altar of Uskayaw.
  5237 | D:5      | Entered Level 5 of the Dungeon
  5311 | D:5      | Found a bloodstained altar of Trog.
  5389 | D:5      | Noticed Eustachio
  5400 | D:5      | Killed Eustachio
  5400 | D:5      | Reached XP level 8. HP: 21/57 MP: 11/11
  5723 | D:5      | Found a white marble altar of Elyvilon.
  6065 | D:5      | Noticed an angel
  6066 | D:5      | Found a glowing silver altar of Zin.
  6067 | D:5      | Found a shimmering altar of Xom.
  6244 | D:5      | Reached skill level 1 in Invocations
  6533 | D:6      | Found Bejityim's Weapon Emporium.
  6540 | D:6      | Reached skill level 1 in Polearms
  6545 | D:6      | Killed from afar by an electric eel

Levels and vault maps discovered:
D:1:      dpeg_arrival_leaves_temple_mockup, layout_loops_corners, minivault_23
D:2:      layout_loops_cross, first_ration, minmay_tall_x
D:3:      minmay_octagon_keep, layout_basic, fedhas_altar_2
D:4:      layout_loops_cross, gammafunk_temple_overflow_wave,
          minmay_temple_entry_arrows, serial_rivers,
          chequers_serial_rivers_large_b, chequers_serial_rivers_room_a,
          chequers_serial_rivers_small_3, chequers_serial_rivers_large_a,
          chequers_serial_rivers_room_b, uniq_edmund
D:5:      layout_loops_ring, grunt_temple_overflow_order_and_chaos_1,
          overflow_temple_1_default, trog_hazing_becter, uniq_eustachio
D:6:      layout_gridville, serial_shops, nicolae_shop_crystal, serial_bayou,
          serial_bayou_shore_a, serial_bayou_pond_a, serial_bayou_lake_a,
          serial_bayou_pond_e, grunt_ministairs_2
Temple:   nicolae_temple_elliptical

Skill      XL: |  1  2  3  4  5  6  7  8 |
---------------+-------------------------+-----
Dodging        | 1 2 3 4 6 |  6.6
Fighting       | 2 3 4 6 |  6.8
Invocations    | 1 |  1.1
Polearms       | 1 |  1.0
Long Blades    | |  2.0
Throwing       | |  1.0
Stealth        | |  1.3
Spellcasting   | |  2.0
Charms         | |  1.0
Ice Magic      | |  2.0

Action                   |  1- 3 |  4- 6 |  7- 9 || total
-------------------------+-------+-------+-------++-------
Melee: Dagger            |    60 |     3 |       ||    63
       Tentacles         |    17 |    18 |    12 ||    47
       Constrict         |    11 |    25 |     6 ||    42
       Spear             |       |   122 |    87 ||   209
Throw: Dart              |       |     5 |     4 ||     9
Evoke: Wand              |       |       |     1 ||     1
  Use: Scroll            |       |     4 |     2 ||     6
       Potion            |       |       |     2 ||     2
 Stab: Sleeping          |     5 |     7 |    14 ||    26
  Eat: Chunk             |     1 |    17 |    13 ||    31
Armor: Skin              |    12 |     4 |     7 ||    23
Dodge: Dodged            |    42 |    62 |    38 ||   142

Table legend:
 A = Non-vault XP
 B = Vault XP
 C = Vault XP percentage of total XP
 D = Non-vault monster count
 E = Vault monster count
 F = Vault count percentage of total count
                 A         B        C        D         E       F
            +---------+---------+-------+---------+---------+-------
      Total |    1281 |     433 |  25.3 |      85 |      26 |  23.4
            +---------+---------+-------+---------+---------+-------
        D:1 |      62 |       0 |   0.0 |      23 |       0 |   0.0
        D:2 |      28 |      19 |  40.4 |      10 |       4 |  28.6
        D:3 |     209 |      37 |  15.0 |      25 |      14 |  35.9
        D:4 |     376 |     164 |  30.4 |      13 |       1 |   7.1
        D:5 |     559 |     213 |  27.6 |      13 |       7 |  35.0
        D:6 |      47 |       0 |   0.0 |       1 |       0 |   0.0
            +---------+---------+-------+---------+---------+-------
